 Dungeon Crawl Stone Soup version 0.21.1-1-g345015fe64 (webtiles) character file.

9888 Loge the Grappler (level 11, -1/111 HPs)
             Began as a Troll Monk on July 12, 2018.
             Was a Believer of Ru.
             Slain by a merfolk
             ... wielding a +0 spear
              (4 damage)
             ... on level 10 of the Dungeon.
             The game lasted 00:42:29 (8354 turns).

Loge the Grappler (Troll Monk)                      Turns: 8354, Time: 00:42:29

Health: -1/111     AC: 11    Str: 24    XL:     11   Next: 28%
Magic:  0/10       EV: 14    Int:  6    God:    Ru [**....]
Gold:   484        SH:  0    Dex: 15    Spells: 10/10 levels left

rFire    + . .     SeeInvis +     - Unarmed
rCold    . . .     Gourm    +   (no shield)
rNeg     . . .     Faith    .   L - +2 robe
rPois    .         Spirit   +   O - +2 hat {SInv}
rElec    .         Reflect  .   A - +1 cloak {+Inv}
rCorr    .         Harm     .   (gloves unavailable)
MR       .....                  (boots unavailable)
Stlth    ++........             G - amulet of guardian spirit
HPRegen  0.68/turn              B - +3 ring of strength
MPRegen  0.12/turn              P - ring of protection from fire

@: no status effects
A: large, unfitting armour, claws 3, fast metabolism 3, gourmand, regeneration
1, shaggy fur 1, tough skin 2, no potion heal 1, disrupted magic 1, missing an
eye
a: Renounce Religion, Evoke Invisibility


You were on level 10 of the Dungeon.
You worshipped Ru.
Ru was pleased with you.
You were very full.

You visited 2 branches of the dungeon, and saw 11 of its levels.
You also visited: Sewer.

You collected 484 gold pieces.

Inventory:

Hand Weapons
 e - a +0 blowgun
Missiles
 a - 107 poisoned needles
 d - 230 stones (quivered)
 q - 19 tomahawks
 H - a throwing net
 I - 2 javelins
 T - 4 large rocks
Armour
 o - a +1 robe of positive energy
 A - a +1 cloak of invisibility (worn)
 L - a +2 robe (worn)
 N - a cursed +0 shield
 O - a +2 hat of see invisible (worn)
Jewellery
 u - an uncursed ring of fire
 B - a +3 ring of strength (left claw)
 E - an uncursed ring of stealth
 F - an uncursed ring of protection from cold
 G - an amulet of guardian spirit (around neck)
 P - a ring of protection from fire (right claw)
 S - an uncursed ring of protection from magic {unknown}
Wands
 n - a wand of flame (19)
 r - a wand of scattershot (4)
 v - a wand of enslavement (9)
 w - a wand of polymorph (7)
 y - a wand of paralysis (8)
 D - a wand of iceblast (2)
Scrolls
 c - 3 scrolls of fear
 f - 4 scrolls of magic mapping
 g - 2 scrolls of fog
 h - 3 scrolls of teleportation {unknown}
 l - 3 scrolls of blinking
 m - 4 scrolls of remove curse
 p - 3 scrolls of amnesia
 t - a scroll of immolation
 M - 2 scrolls of identify
Potions
 i - 8 potions of heal wounds
 j - 4 potions of curing
 k - a potion of brilliance
 s - 2 potions of agility
 x - a potion of berserk rage {unknown}
 z - 7 potions of flight
 C - 6 potions of might
 J - a potion of mutation
 K - a potion of ambrosia {unknown}
 Q - 2 potions of lignification {unknown}
Books
 R - a book of Enchantments

   Spells                             Type                      Level
   a - Cause Fear                     Hexes                        4
   b - Yara's Violent Unravelling     Hexes/Transmutation          5
   c - Silence                        Hexes/Air                    5
   d - Deflect Missiles               Charms/Air                   6
   e - Discord                        Hexes                        8
Comestibles
 b - 20 rations


   Skills:
 + Level 7.9 Fighting
 + Level 1.4 Armour
 + Level 7.8 Dodging
 - Level 1.0 Stealth
 * Level 12.6 Unarmed Combat


You had 10 spell levels left.
You didn't know any spells.

Dungeon Overview and Level Annotations

Branches:
Dungeon (10/15)            Temple (1/1) D:4
   Lair: D:8-11         Orc: D:9-12

Altars:
Ashenzari
Cheibriados
Dithmenos
Elyvilon
Fedhas
Gozag
Hepliaklqana
Kikubaaqudgha
Makhleb
Nemelex Xobeh
Okawaru
Qazlal
Ru
Sif Muna
Trog
Uskayaw
Vehumet
Wu Jian
Xom
Yredelemnul
Zin
The Shining One

Annotations:
D:9 Emandoog's ghost, novice MiFi


Innate Abilities, Weirdness & Mutations

You are too large for most types of armour.
You have claws for hands.
Your metabolism is lightning-fast.
You like to eat raw meat.
Your natural rate of healing is unusually fast.
You are covered in fur. (AC +1)
You have very tough skin. (AC +2)
Potions are less effective at restoring your health.
Your casting is slightly disrupted.
You are missing an eye, making it more difficult to aim.


Message History

You become entangled in the net!
You see here a throwing net.
You struggle against the net.
You struggle against the net.
The merfolk hits you from afar with a spear!
* * * LOW HITPOINT WARNING * * *
You struggle against the net.
The merfolk hits you but does no damage.
You struggle against the net.
The merfolk barely misses you.
You shred the net and break free!
The merfolk hits you from afar with a spear.
* * * LOW HITPOINT WARNING * * *
Press: ? - help, v - describe, . - travel
Here: a merfolk, wielding a spear (heavily wounded)
The floor.
The merfolk hits you but does no damage.
The merfolk hits you from afar with a spear!
* * * LOW HITPOINT WARNING * * *
The merfolk hits you from afar with a spear.
You die...

#.....# #..##≈.%
#...).# #..##≈..
#.....###..##≈.##
###.........#≈.†#
#.####.#####'#
#.####.###.#.#
#.#.m........#
###.#.##.#######
#..)@....#
.....########
#####


You could see a merfolk.

Vanquished Creatures
  Gastronok (D:9)
  2 two-headed ogres (D:8)
  The ghost of RepoMan the Ruffian, a novice DrTm (D:7)
  A centaur zombie (D:10)
  A centaur skeleton (D:10)
  2 trolls
  5 hippogriffs
  A vampire (D:10)
  A hungry ghost (D:8)
  Menkaure (D:4)
  Duvessa (D:7)
  A black bear (D:10)
  An orc warrior (D:8)
  4 ice beasts
  2 sky beasts
  11 ogres
  3 centaurs
  A phantom (D:4)
  3 big kobolds
  4 bullfrogs
  Dowan (D:7)
  A jelly (D:9)
  3 scorpions
  4 wights (D:7)
  3 howler monkeys
  A quasit (D:8)
  A bullfrog zombie (D:9)
  8 hounds
  Crazy Yiuf (D:4)
  A bullfrog skeleton (D:5)
  3 orc priests (D:9)
  Jessica (D:2)
  3 orc wizards
  6 iguanas
  Natasha (thrice) (D:4)
  6 worker ants
  A hound zombie (D:10)
  2 worker ant zombies
  8 adders
  5 river rats (Sewer)
  3 oozes
  2 adder skeletons
  2 adder zombies
  4 dart slugs (D:1)
  7 leopard geckos
  24 orcs
  4 giant cockroaches
  7 goblins
  10 hobgoblins
  14 jackals
  3 quokkas
  9 ball pythons
  3 bats (D:2)
  7 frilled lizards
  32 kobolds
  A leopard gecko skeleton (D:4)
  A quokka skeleton (D:6)
  30 rats
  A spectral orc (D:6)
273 creatures vanquished.

Vanquished Creatures (others)
  A kobold (D:8)
1 creature vanquished.

Grand Total: 274 creatures vanquished

Notes
Turn   | Place    | Note
-------+----------+-------------------------------------------
     0 | D:1      | Loge the Troll Monk began the quest for the Orb.
     0 | D:1      | Reached XP level 1. HP: 22/22 MP: 0/0
    70 | D:1      | Reached XP level 2. HP: 29/29 MP: 1/1
   406 | D:1      | Reached XP level 3. HP: 30/36 MP: 2/2
   862 | D:2      | Noticed Jessica
   867 | D:2      | Reached skill level 4 in Unarmed Combat
   870 | D:2      | Killed Jessica
   870 | D:2      | Reached XP level 4. HP: 45/45 MP: 3/3
  1538 | D:3      | Found a bloodstained altar of Trog.
  1919 | D:4      | Reached XP level 5. HP: 51/53 MP: 4/4
  1958 | D:4      | Reached skill level 5 in Unarmed Combat
  1973 | D:4      | Reached XP level 6. HP: 23/61 MP: 5/5
  2156 | D:4      | Noticed Natasha
  2163 | D:4      | Killed Natasha
  2255 | D:4      | Found a staircase to the Ecumenical Temple.
  2277 | Temple   | Entered the Ecumenical Temple
  2325 | Temple   | Became a worshipper of Ru the Awakened
  2326 | Temple   | Gained mutation: Your casting is slightly disrupted. [Ru sacrifice]
  2435 | D:4      | Reached skill level 6 in Unarmed Combat
  2435 | D:4      | Reached XP level 7. HP: 44/68 MP: 6/6
  2480 | D:4      | Noticed Natasha
  2485 | D:4      | Killed Natasha
  2545 | D:4      | Noticed Menkaure
  2555 | D:4      | Killed Menkaure
  2788 | D:4      | Found a runed door.
  2851 | D:4      | Noticed Natasha
  2859 | D:4      | Killed Natasha
  3141 | D:4      | Noticed Crazy Yiuf
  3146 | D:4      | Killed Crazy Yiuf
  3185 | D:5      | Entered Level 5 of the Dungeon
  3191 | D:5      | Reached skill level 7 in Unarmed Combat
  3291 | D:5      | Reached XP level 8. HP: 74/79 MP: 7/7
  3339 | D:5      | Found a glowing drain.
  3364 | Sewer    | Entered a sewer
  4062 | D:5      | Reached skill level 5 in Fighting
  4106 | D:5      | Reached skill level 5 in Dodging
  4106 | D:5      | Reached skill level 8 in Unarmed Combat
  4127 | D:5      | Gained mutation: Potions are less effective at restoring your health. [Ru sacrifice]
  4127 | D:5      | Reached * piety under Ru
  4655 | D:6      | Found an ornate altar of the Wu Jian Council.
  4743 | D:6      | Found a shadowy altar of Dithmenos.
  4743 | D:6      | Found a shimmering altar of Xom.
  4934 | D:6      | Found a basalt altar of Yredelemnul.
  5050 | D:7      | Found a deep blue altar of Sif Muna.
  5093 | D:7      | Noticed a hippogriff
  5101 | D:7      | Reached XP level 9. HP: 88/88 MP: 8/8
  5108 | D:7      | Reached skill level 9 in Unarmed Combat
  5190 | D:7      | Noticed RepoMan's ghost (novice DrTm)
  5214 | D:7      | Killed RepoMan's ghost
  5224 | D:7      | Noticed Dowan
  5330 | D:7      | Reached skill level 10 in Unarmed Combat
  5492 | D:7      | Noticed Duvessa
  5526 | D:7      | Killed Duvessa
  5539 | D:7      | Killed Dowan
  5872 | D:7      | Reached XP level 10. HP: 100/100 MP: 9/9
  5997 | D:8      | Noticed a two-headed ogre
  6031 | D:8      | Killed a two-headed ogre
  6086 | D:8      | Reached skill level 11 in Unarmed Combat
  6441 | D:8      | Noticed a two-headed ogre
  6454 | D:8      | Killed a two-headed ogre
  6727 | D:8      | Gained mutation: You are missing an eye, making it more difficult to aim. [Ru sacrifice]
  6727 | D:8      | Reached ** piety under Ru
  7136 | D:9      | Noticed Gastronok
  7216 | D:9      | Killed Gastronok
  7216 | D:9      | Reached skill level 12 in Unarmed Combat
  7216 | D:9      | Reached XP level 11. HP: 89/109 MP: 7/10
  7306 | D:9      | Noticed Emandoog's ghost (novice MiFi)
  7685 | D:10     | Entered Level 10 of the Dungeon
  7862 | D:10     | Reached skill level 1 in Armour
  8353 | D:10     | HP: 2/111 [merfolk/spear (14)]
  8354 | D:10     | Slain by a merfolk

Skill      XL: |  1  2  3  4  5  6  7  8  9 10 11 |
---------------+----------------------------------+-----
Unarmed Combat | 4 5 6 7 8 10 12 | 12.6
Fighting       | 3 4 5 6 7 |  7.9
Dodging        | 3 4 5 6 7 |  7.8
Armour         | 1 |  1.4
Stealth        | |  1.0

Action                   |  1- 3 |  4- 6 |  7- 9 | 10-12 || total
-------------------------+-------+-------+-------+-------++-------
Melee: Unarmed           |    76 |   152 |   302 |   247 ||   777
       Punch             |     3 |     2 |    14 |    14 ||    33
Throw: Stone             |       |       |    20 |     1 ||    21
Invok: Sacrifice Essence |       |     1 |       |       ||     1
       Sacrifice Purity  |       |       |     1 |       ||     1
       Sacrifice an Eye  |       |       |       |     1 ||     1
  Use: Scroll            |       |     5 |       |    11 ||    16
 Stab: Sleeping          |     1 |       |     3 |     1 ||     5
       Distracted        |       |       |       |     3 ||     3
  Eat: Chunk             |    13 |    15 |    32 |    26 ||    86
Armor: Robe              |    21 |    41 |    87 |    52 ||   201
Dodge: Dodged            |    34 |    79 |   141 |   160 ||   414
